 Dungeon Crawl Stone Soup version 0.29-a0-757-g358383bc75 (webtiles) character file.

Game seed: 17356710559916582441

16 coolguy69 the Cutter (level 2, 0/16 HPs)
             Began as a Vine Stalker Monk on July 1, 2022.
             Slain by a jackal (1 damage)
             ... on level 2 of the Dungeon.
             The game lasted 00:00:42 (1119 turns).

coolguy69 the Cutter (Vine Stalker Monk)            Turns: 1119, Time: 00:00:43

Health: 0/16       AC:  5    Str: 13    XL:     2   Next: 58%
Magic:  0/3        EV:  6    Int: 10    God:
Gold:   59         SH:  0    Dex: 16    Spells: 1/1 levels left

rFire   . . .      SeeInvis .   a - +0 short sword
rCold   . . .      Faith    .   (no shield)
rNeg    . . .      Spirit   +   e - +0 ring mail
rPois   .          Reflect  .   (no helmet)
rElec   .          Harm     .   (no cloak)
rCorr   .          Rampage  .   (no gloves)
Will    .....                   (no boots)
Stlth   ++........              (no amulet)
HPRegen 0.05/turn               (no ring)
MPRegen 0.08/turn               (no ring)

@: held
A: fangs 2, magic shield, antimagic bite, no potion heal 2
a: no special abilities


You were on level 2 of the Dungeon.
You visited 1 branch of the dungeon, and saw 2 of its levels.

You collected 59 gold pieces.

Inventory:

Hand Weapons
 a - a +0 short sword (weapon)
Armour
 e - a +0 ring mail (worn)
Scrolls
 b - a scroll of torment {unknown}
 f - 2 scrolls of identify {unknown}
 g - 2 scrolls of amnesia {unknown}
Potions
 c - a potion of ambrosia
 d - a potion of invisibility {unknown}
 h - a potion of cancellation {unknown}
 i - a potion of resistance {unknown}
 j - a potion of lignification {unknown}


   Skills:
 + Level 2.8 Fighting
 + Level 3.1 Short Blades
 + Level 2.6 Dodging
 + Level 2.5 Stealth


You had one spell level left.
You didn't know any spells.
Your spell library was empty.

Dungeon Overview and Level Annotations

Branches:
Dungeon (2/15)

Altars:


Innate Abilities, Weirdness & Mutations

You have extremely sharp teeth.
When hurt, damage is shared between your health and your magic reserves.
Your bite disrupts and absorbs the magic of your enemies.
Potions cannot restore your health.


Message History

No target in view!
A jackal and a gnoll come into view.
The jackal barks!
The gnoll shouts!
You hear a shout!
A jackal comes into view.
A gnoll comes into view. It is wielding a +0 spear.
The jackal moves out of view.
A jackal comes into view.
A jackal and a gnoll come into view.
The jackal barks!
The gnoll shouts!
The jackal barks!
There are monsters nearby!
The jackal barks!
You hit the jackal.
The jackal is severely wounded.
The jackal bites you.
There are monsters nearby!
You hit the jackal but do no damage.
The jackal is severely wounded.
The jackal bites you but does no damage.
The jackal barely misses you.
There are monsters nearby!
You hit the jackal.
You kill the jackal!
The gnoll barely misses you.
The gnoll throws a throwing net.
The throwing net hits you.
You become entangled in the net!
Unknown command.
You struggle against the net.
The gnoll hits you from afar with a +0 halberd.
The gnoll barely misses you.
You struggle against the net.
The jackal bites you but does no damage.
The gnoll barely misses you.
The gnoll hits you from afar with a +0 spear.
You struggle against the net.
The jackal bites you but does no damage.
The gnoll hits you but does no damage.
The gnoll hits you from afar with a +0 halberd!
Ouch! That really hurt!
* * * LOW HITPOINT WARNING * * *
The jackal bites you.
You die...

... . ... #.
#####.###### #
#..#..........# .
............. ### .....
..... # #..
.....g##h###### .# #
.....gh@......# #.# #
.....g........#... #
..............#.#.######
###..................<..
#....#.####.#######.#.
......#.####'#..).#. #.
....#..............# #.
....#....)†.....#..# #.
..##..........#.....#.


You could see 3 gnolls and 2 jackals.

Vanquished Creatures
  2 endoplasms (D:1)
  A goblin (D:1)
  A hobgoblin (D:1)
  A jackal (D:2)
  A ball python (D:1)
  3 bats
  A frilled lizard (D:1)
  3 kobolds (D:1)
  5 rats
18 creatures vanquished.

Notes
Turn   | Place    | Note
-------+----------+-------------------------------------------
     0 | D:1      | coolguy69 the Vine Stalker Monk began the quest for the
                  | Orb.
     0 | D:1      | Reached XP level 1. HP: 11/11 MP: 2/2
   384 | D:1      | Found a faded altar of an unknown god.
   738 | D:1      | Reached XP level 2. HP: 16/16 MP: 3/3
   778 | D:1      | Reached skill level 3 in Short Blades
  1119 | D:2      | Slain by a jackal

Illustrated notes

Levels and vault maps discovered:
D:1:      heliophobic_arrival_enchanted_forest, layout_loops_corners,
          ebering_ecumenical_altar_hall, moated_statue
D:2:      layout_basic

Skill      XL: |  1  2 |
---------------+-------+-----
Short Blades   | 3 |  3.1
Fighting       | |  2.8
Dodging        | |  2.6
Stealth        | |  2.5

Action                   || total
-------------------------++-------
Melee: Short sword       ||    37
       Bite              ||     6
 Stab: Sleeping          ||     1
Armor: Robe              ||     5
       Ring mail         ||    12
Dodge: Dodged            ||    29

Table legend: (Time is in decaauts)
 A = Elapsed time spent in this place.
 B = Non-inter-level travel time spent in this place.
 C = Inter-level travel time spent in this place.
 D = Time resting spent in this place.
 E = Time spent auto-exploring this place.
 F = Levels seen in this place.
 G = Mean time per level.
                   A        B        C        D        E       F      G
               +--------+--------+--------+--------+--------+-----+--------+
         Total |   1117 |   1096 |     21 |      0 |    941 |   2 |  558.5 |
       Dungeon |   1117 |   1096 |     21 |      0 |    941 |   2 |  558.5 |
               +--------+--------+--------+--------+--------+-----+--------+

Top non-repeatable levels by time:
     D:1: 1037 daAuts
     D:2: 79 daAuts
